 Dungeon Crawl Stone Soup version 0.30.0-30-g96aa6591b8 (webtiles) character file.

Game seed: 11080362450707285845

851 Tirrikindir the Sneak (level 8, 0/54 HPs)
             Began as an Octopode Fighter on June 30, 2023.
             Was a Believer of Makhleb.
             Slain by a steam dragon (4 damage)
             ... on level 6 of the Dungeon.
             The game lasted 00:09:27 (3838 turns).

Tirrikindir the Sneak (Octopode Fighter)            Turns: 3838, Time: 00:09:28

Health: 0/54       AC:  1    Str: 19    XL:     8   Next: 1%
Magic:  10/10      EV: 13    Int: 23    God:    Makhleb [**....]
Gold:   237        SH:  4    Dex:  9    Spells: 7/7 levels left

rFire   + . .        f - +2 whip of Infinity {flame, rF+ Str+3 Int+7 Dex-4}
rCold   . . .        b - +0 buckler
rNeg    + . .        (helmet restricted)
rPois   .            (no amulet)
rElec   .            d - ring of positive energy
rCorr   .            n - ring of wizardry
SInv    .            w - +6 ring of intelligence
Will    .....        (no ring)
Stlth   +++          (no ring)
HPRegen 0.29/turn    (no ring)
MPRegen 0.12/turn    (no ring)
                     (no ring)

%: wizardry (x1)
@: no status effects
A: almost no armour, amphibious, 8 rings, camouflage 1, gelatinous body 1,
(nimble swimmer 1), tentacles
a: Renounce Religion, Minor Destruction


You were on level 6 of the Dungeon.
You worshipped Makhleb.
Makhleb was pleased with you.
You visited 2 branches of the dungeon, and saw 7 of its levels.

You collected 237 gold pieces.

Inventory:

Hand Weapons
 f - the +2 whip of Infinity (weapon) {flame, rF+ Str+3 Int+7 Dex-4}
   (You found it on level 1 of the Dungeon)

   Str:       It affects your strength (+3).
   Int:       It affects your intelligence (+7).
   Dex:       It affects your dexterity (-4).
   rF:        It protects you from fire.
Armour
 b - a +0 buckler (worn)
Jewellery
 d - a ring of positive energy (left tentacle)
 n - a ring of wizardry (right tentacle)
 w - a +6 ring of intelligence (on tentacle)
Scrolls
 g - 4 scrolls of immolation
 k - a scroll of vulnerability
 m - 2 scrolls of amnesia
 p - 3 scrolls of teleportation
 s - a scroll of blinking {unknown}
 t - a scroll of enchant weapon {unknown}
 u - a scroll of enchant armour {unknown}
Potions
 a - a potion of curing
 c - a potion of might
 e - a potion of lignification
 h - a potion of invisibility
 i - a potion of magic
 l - a potion of haste {unknown}
 o - a potion of degeneration {unknown}
 q - a potion of cancellation {unknown}
 r - 2 potions of mutation {unknown}
 v - a potion of flight {unknown}


   Skills:
 + Level 4.6 Fighting
 - Level 2.3 Long Blades
 * Level 4.7 Maces & Flails
 - Level 4.0 Dodging
 + Level 4.7 Stealth
 - Level 4.0 Shields
 + Level 3.2 Invocations


You had 7 spell levels left.
You didn't know any spells.
Your spell library contained the following spells:

 Spells                   Type           Power      Damage    Failure   Level
 Freeze                   Ice            0%         1d3       8%          1
 Sting                    Tmut/Pois      0%         1d3       8%          1
 Blink                    Tloc           0%         N/A       12%         2
 Cigotuvi's Dreadful Rot  Necr/Pois/Air  0%         N/A       12%         2
 Lesser Beckoning         Tloc           0%         N/A       12%         2
 Momentum Strike          Conj/Tloc      0%         3d8       12%         2
 Poisonous Vapours        Pois/Air       0%         N/A       12%         2
 Scorch                   Fire           0%         2d5       12%         2
 Cause Fear               Hex            0%         N/A       56%         4
 Dispel Undead            Necr           0%         3d6       56%         4
 Ice Form                 Ice/Tmut       0%         N/A       56%         4
 Olgreb's Toxic Radiance  Pois           0%         N/A       56%         4
 Summon Ice Beast         Ice/Summ       0%         N/A       56%         4
 Borgnjor's Vile Clutch   Necr/Erth      0%         N/A       88%         5
 Death Channel            Necr           0%         N/A       100%        6
 Dragon Form              Tmut           0%         N/A       100%        7
 Ignition                 Fire           0%         3d3       100%        8
 Dragon's Call            Summ           0%         N/A       100%        9


Dungeon Overview and Level Annotations

Branches:
Dungeon (6/15)             Temple (1/1) D:5

Altars:
Ashenzari
Cheibriados
Dithmenos
Elyvilon
Fedhas
Gozag
Hepliaklqana
Kikubaaqudgha
Makhleb
Nemelex Xobeh
Okawaru
Qazlal
Ru
Sif Muna
Trog
Uskayaw
Vehumet
Wu Jian
Yredelemnul
Zin
The Shining One


Innate Abilities, Weirdness & Mutations

You cannot wear most types of armour.
You are amphibious.
You can wear up to eight rings at the same time.
Your skin changes colour to match your surroundings (Stealth+).
Your rubbery body absorbs attacks. (AC +1, EV +1)
((You are camouflaged when in or above water. (Stealth+)))
You have tentacles for arms and can constrict up to eight enemies at once.


Message History

The steam dragon is moderately wounded.
The steam dragon bites you. The steam dragon barely misses you.
The orc is engulfed in a cloud of scalding steam.
The orc hits you with a +0 club.
You hit the steam dragon. You burn the steam dragon.
Your squeeze misses the steam dragon.
The steam dragon is heavily wounded.
The steam dragon closely misses you. The steam dragon barely misses you.
The orc is engulfed in a cloud of scalding steam.
The orc dies!
You barely miss the steam dragon.
The steam dragon is heavily wounded.
The steam dragon bites you!
* * * LOW HITPOINT WARNING * * *
The steam dragon barely misses you.
You feel better. You block the steam dragon's attack.
The steam dragon closely misses you.
You hit the steam dragon. You burn the steam dragon.
Your squeeze misses the steam dragon.
The steam dragon is severely wounded.
The steam dragon breathes steam at you. The ball of steam hits you. You resist.
You hit the steam dragon but do no damage.
The steam dragon is severely wounded.
The steam dragon closely misses you. x2
You closely miss the steam dragon.
The steam dragon is heavily wounded.
You barely miss the steam dragon.
The steam dragon is heavily wounded.
The steam dragon breathes steam at you. The ball of steam hits you! You resist.
* * * LOW HITPOINT WARNING * * *
You barely miss the steam dragon.
The steam dragon is heavily wounded.
The steam dragon bites you!
* * * LOW HITPOINT WARNING * * *
The steam dragon closely misses you.
The steam dragon attacks as you move away!
The steam dragon bites you.
You die...

#.# #.# ## #.#
.#.#######.#####
#.......<....... .
...######...#### ...
#.# #...#
..$.o####.# ##.##
....ooD@ยงยง# #.#
.....###).########.#
..>o...............#
####################


You could see a steam dragon (catching breath) and 3 orcs.

Vanquished Creatures
  A black bear (D:5)
  2 ice beasts
  A kobold brigand (D:4)
  2 scorpions
  A hound (D:5)
  2 jellies (D:4)
  2 sleepcaps (D:4)
  2 iguanas
  An orc wizard (D:6)
  A gnoll (D:3)
  8 adders
  A white imp (D:5)
  2 worms
  13 orcs
  5 endoplasms
  3 giant cockroaches
  5 goblins
  10 hobgoblins
  3 quokkas
  5 ball pythons
  A bat (D:3)
  3 frilled lizards
  4 kobolds
  6 rats
84 creatures vanquished.

Vanquished Creatures (others)
  An orc (D:6)
1 creature vanquished.

Grand Total: 85 creatures vanquished

Notes
Turn   | Place    | Note
-------+----------+-------------------------------------------
     0 | D:1      | Tirrikindir the Octopode Fighter began the quest for the
                  | Orb.
     0 | D:1      | Reached XP level 1. HP: 16/16 MP: 1/1
    95 | D:1      | Reached XP level 2. HP: 21/21 MP: 2/2
   239 | D:1      | Found a faded altar of an unknown god.
   316 | D:1      | Reached skill level 1 in Stealth
   355 | D:1      | Got the Enchiridion on Burning Hail
   391 | D:1      | Identified the +2 whip of Infinity {flame, rF+ Str+3 Int+7
                  | Dex-4}
   644 | D:2      | Reached XP level 3. HP: 26/26 MP: 3/3
  1390 | D:2      | Identified the staff of fire "Piabb" {rF+ Int+2}
  1486 | D:3      | Found a burning altar of Makhleb.
  1495 | D:3      | Became a worshipper of Makhleb the Destroyer
  1561 | D:3      | Reached skill level 1 in Maces & Flails
  1744 | D:3      | Reached XP level 4. HP: 29/31 MP: 4/4
  1827 | D:3      | Got the Spellbook of Loathsome Causimancy
  1933 | D:3      | Reached * piety under Makhleb
  2026 | D:3      | Noticed a scorpion
  2034 | D:3      | Killed a scorpion
  2035 | D:3      | Reached skill level 1 in Invocations
  2035 | D:3      | Reached XP level 5. HP: 24/36 MP: 5/5
  2246 | D:4      | Noticed an ice beast
  2253 | D:4      | Killed an ice beast
  2254 | D:4      | Reached XP level 6. HP: 43/43 MP: 7/7
  2313 | D:4      | Found a blossoming altar of Fedhas.
  2518 | D:4      | Found a stormy altar of Qazlal.
  2593 | D:4      | Reached XP level 7. HP: 19/48 MP: 8/8
  2958 | D:5      | Entered Level 5 of the Dungeon
  3164 | D:5      | Reached ** piety under Makhleb
  3319 | D:5      | Found a staircase to the Ecumenical Temple.
  3335 | Temple   | Entered the Ecumenical Temple
  3815 | D:6      | Noticed a steam dragon
  3827 | D:6      | Reached XP level 8. HP: 54/54 MP: 10/10
  3838 | D:6      | Slain by a steam dragon

Illustrated notes

Levels and vault maps discovered:
D:1:      sevenhm_arrival_forest_fort_small_5, layout_rooms,
          ebering_ecumenical_altar_box, dk_noncrumbling_3
D:2:      layout_loops_corners
D:3:      minmay_octagon_keep, layout_rooms, mainiacjoe_overflow_chevrons,
          serial_bayou_pond_e
D:4:      layout_rooms, kennysheep_mini, nicolae_qazlal_eye_of_the_storm,
          amcnicky_mini_pool_small, nicolae_nh_ransacked_shop
D:5:      layout_loops_cross, minmay_temple_entry_statues_fountains,
          minmay_misc_feat_chi
D:6:      layout_loops_ring
Temple:   nicolae_temple_two_arcs

Skill      XL: |  1  2  3  4  5  6  7 |
---------------+----------------------+-----
Stealth        | 1 2 3 4 |  4.7
Maces & Flails | 1 2 3 4 |  4.7
Invocations    | 1 2 3 |  3.2
Fighting       | 4 |  4.6
Dodging        | 4 |  4.0
Shields        | 4 |  4.0
Long Blades    | |  2.3

Action                     |  1- 3 |  4- 6 |  7- 9 || total
---------------------------+-------+-------+-------++-------
  Melee: Long sword        |    31 |       |       ||    31
         Constrict         |    16 |    12 |    15 ||    43
         Tentacles         |     7 |     9 |    17 ||    33
         Whip              |    32 |    63 |    68 ||   163
 Invoke: Minor Destruction |       |       |     3 ||     3
    Use: Scroll            |     6 |     2 |     2 ||    10
         Potion            |       |     1 |     2 ||     3
   Stab: Sleeping          |     7 |     8 |     1 ||    16
 Armour: Skin              |     1 |     2 |     2 ||     5
  Dodge: Dodged            |    19 |    24 |    39 ||    82
  Block: Buckler           |    10 |     4 |     5 ||    19
